 Dungeon Crawl Stone Soup version 0.17.1-1-g73c8601 (console) character file.

1194 Kloppie the Skirmisher (level 8, 0/44 HPs)
             Began as a Vine Stalker Fighter on Dec 27, 2015.
             Was a Follower of Kikubaaqudgha.
             Killed from afar by Pikel (20 damage)
             ... with a wand of draining
             ... on level 6 of the Dungeon.
             The game lasted 00:10:09 (3722 turns).

Kloppie the Skirmisher (Vine Stalker Fighter)       Turns: 3722, Time: 00:10:09

Health: 0/44       AC:  9    Str: 18    XL:     8   Next: 43%
Magic:  0/9        EV:  6    Int:  8    God:    Kikubaaqudgha [*.....]
Gold:   182        SH:  8    Dex: 17    Spells: 0 memorised, 7 levels left

rFire  . . .     SeeInvis .     a - +2 short sword (drain)
rCold  . . .     Clarity  .     b - +0 scale mail
rNeg   . . .     SustAt   .     c - +0 shield
rPois  .         Gourm    .     (no helmet)
rElec  .         Spirit   +     (no cloak)
rCorr  .         Warding  .     o - +1 pair of gloves
rMut   .         Stasis   .     (no boots)
MR     +....                    (no amulet)
Stlth  +.........               (no ring)
                                n - ring of stealth

@: heavily drained, somewhat resistant to hostile enchantments, very unstealthy
A: fangs 3, regeneration 2, magic shield, antimagic bite, no device heal 3, rot
immunity
a: Receive Corpses, Renounce Religion


You were on level 6 of the Dungeon.
You worshipped Kikubaaqudgha.
Kikubaaqudgha was aware of your devotion.
You were not hungry.

You visited 1 branch of the dungeon, and saw 6 of its levels.

You collected 260 gold pieces.
You spent 78 gold pieces at shops.

Inventory:

Hand Weapons
 a - a +2 short sword of draining (weapon)
 l - a +0 rapier
Missiles
 p - a throwing net (quivered)
Armour
 b - a +0 scale mail (worn)
 c - a +0 shield (worn)
 o - a +1 pair of gloves (worn)
Jewellery
 n - a ring of stealth (left hand)
Wands
 w - a wand of digging (17)
Scrolls
 f - 4 scrolls of remove curse {unknown}
 i - 5 scrolls of teleportation {unknown}
 q - a scroll of enchant armour {unknown}
 s - a scroll of noise {unknown}
 u - 2 scrolls of enchant weapon {unknown}
 v - a scroll of fog {unknown}
 x - a scroll of identify
 y - a scroll of recharging {unknown}
 A - a scroll of blinking {unknown}
Potions
 d - a potion of might
 g - a potion of mutation {unknown}
 j - a potion of flight
 m - 2 potions of haste
 r - a potion of lignification
 z - a potion of curing {unknown}
Books
 t - Kikubaaqudgha's Disquisition on Dark Secrets
   (Kikubaaqudgha gifted it to you on level 5 of the Dungeon)

   Spells                             Type                      Level
   a - Animate Skeleton               Necromancy                   1
   b - Corpse Rot                     Necromancy                   2
   c - Sublimation of Blood           Necromancy                   2
   d - Regeneration                   Charms/Necromancy            3
   e - Control Undead                 Necromancy                   4
Comestibles
 e - 4 bread rations
 h - 2 fruits
 k - 3 chunks of flesh


   Skills:
 + Level 5.7(4.0) Fighting
 + Level 5.5(3.8) Short Blades
 + Level 5.3(3.6) Armour
 - Level 2.6(1.1) Shields


You had 7 spell levels left.
You didn't know any spells.

Dungeon Overview and Level Annotations

Branches:
Dungeon (6/15)
 Temple: D:4-7

Altars:
Dithmenos
Elyvilon
Kikubaaqudgha

Shops:
D:4 *

Annotations:
D:6 Pikel


Innate Abilities, Weirdness & Mutations

You have razor-sharp teeth.
You heal very quickly.
When hurt, damage is shared between your health and your magic reserves.
Your bite disrupts and absorbs the magic of your enemies.
Potions and wands cannot restore your health.
You are immune to rotting.


Message History

Pikel zaps a wand.
The bolt of negative energy hits you!
You feel drained.
It is a wand of draining.
Pikel zaps a wand.
The bolt of negative energy hits you!
You feel drained.
* * * LOW HITPOINT WARNING * * *
A giant frog comes into view.
The giant frog moves out of view.
The giant frog croaks.
Pikel barely misses you.
You closely miss Pikel. You bite Pikel! You drain his power.
You feel invigorated.
Pikel is moderately wounded.
You miss Pikel.
Pikel is moderately wounded.
Pikel zaps a wand.
The bolt of negative energy misses you. The slave hits you.
* * * LOW HITPOINT WARNING * * *
You hit Pikel. Your bite misses Pikel.
Pikel is moderately wounded.
Pikel zaps a wand.
The bolt of negative energy hits you!
You feel drained.
You die...
Kikubaaqudgha rasps: "You have failed me!
Welcome... death!"

.............##(...##
#######...#####.....####
#..##............# #..
#.###.....##.# #. #.#
#....## # #.# #.......
#.# ####.###
#.######p###..#
#.....@Kp.Fp..#
########p####.# #.# .#
.# .# .# .#


You could see Pikel, 4 slaves and a giant frog.

Vanquished Creatures
  Edmund (D:6)
  2 sky beasts (D:5)
  A phantom (D:5)
  2 scorpions
  A hound (D:5)
  2 crimson imps (D:5)
  4 orc priests
  Ijyb (D:3)
  5 orc wizards
  A centaur skeleton (D:5)
  A giant frog skeleton (D:5)
  2 worker ants (D:5)
  A hound zombie (D:5)
  7 adders
  A gnoll (D:1)
  2 shadow imps
  2 oozes
  A worm (D:4)
  22 orcs
  5 bats
  A bat zombie (D:3)
  5 giant cockroaches
  10 goblins
  5 hobgoblins
  6 jackals
  3 quokkas
  A ball python (D:6)
  5 giant geckos
  A giant gecko skeleton (D:5)
  A giant gecko zombie (D:6)
  2 giant newts
  5 kobolds
  6 rats
  2 rat zombies (D:3)
117 creatures vanquished.

Notes
Turn   | Place    | Note
--------------------------------------------------------------
     0 | D:1      | Kloppie the Vine Stalker Fighter began the quest for the Orb.
     0 | D:1      | Reached XP level 1. HP: 11/11 MP: 2/2
   118 | D:1      | Reached XP level 2. HP: 16/16 MP: 1/3
   379 | D:1      | You fall through a shaft!
   408 | D:1      | Reached skill level 3 in Fighting
   408 | D:1      | Reached XP level 3. HP: 20/20 MP: 4/4
   892 | D:2      | Found a white marble altar of Elyvilon.
  1061 | D:2      | Found a faded altar to an unknown god.
  1067 | D:2      | Reached XP level 4. HP: 24/24 MP: 5/5
  1365 | D:3      | Noticed Ijyb
  1388 | D:3      | Killed Ijyb
  1388 | D:3      | Reached XP level 5. HP: 26/28 MP: 6/6
  1982 | D:3      | Found an ancient bone altar of Kikubaaqudgha.
  1990 | D:3      | Became a worshipper of Kikubaaqudgha
  2131 | D:3      | Reached skill level 4 in Fighting
  2131 | D:3      | Gained mutation: You heal very quickly. [Vine Stalker growth]
  2131 | D:3      | Reached XP level 6. HP: 19/33 MP: 5/7
  2267 | D:4      | Found a shadowy altar of Dithmenos.
  2419 | D:4      | Found Vehotefefi's Assorted Antiques.
  2428 | D:4      | Bought a scroll labeled COHOME JEDO for 26 gold pieces
  2428 | D:4      | Bought a scroll labeled TACWYDU BEUP for 26 gold pieces
  2428 | D:4      | Bought a scroll labeled QOSIACSETEY for 26 gold pieces
  2635 | D:4      | Reached XP level 7. HP: 25/38 MP: 5/8
  2953 | D:5      | Entered Level 5 of the Dungeon
  3012 | D:5      | Reached * piety under Kikubaaqudgha
  3012 | D:5      | Received a gift from Kikubaaqudgha
  3023 | D:5      | Identified Kikubaaqudgha's Disquisition on Dark Secrets (Kikubaaqudgha gifted it to you on level 5 of the Dungeon)
  3140 | D:5      | Reached skill level 5 in Fighting
  3216 | D:5      | Reached skill level 5 in Short Blades
  3216 | D:5      | Gained mutation: You have razor-sharp teeth. [Vine Stalker growth]
  3216 | D:5      | Reached XP level 8. HP: 27/43 MP: 5/9
  3324 | D:5      | Reached skill level 5 in Armour
  3623 | D:6      | Noticed Edmund
  3637 | D:6      | Killed Edmund
  3710 | D:6      | Noticed Pikel
  3722 | D:6      | Killed from afar by Pikel

Action                   |  1- 3 |  4- 6 |  7- 9 || total
-------------------------+-------+-------+-------++-------
Melee: Rapier            |    76 |       |       ||    76
       Short sword       |    30 |   147 |   156 ||   333
Throw: Throwing net      |       |     1 |       ||     1
  Use: Scroll            |       |       |     6 ||     6
  Eat: Chunk             |     1 |     3 |     4 ||     8
       Pizza             |       |     1 |       ||     1
